 Dungeon Crawl Stone Soup version 0.27.1-33-g824d729ab1 (webtiles) character file.

Game seed: 12384726434715362997

210 zeram the Sneak (level 5, -7/31 HPs)
             Began as an Octopode Enchanter on Dec 21, 2021.
             Mangled by an ogre (26 damage)
             ... on level 4 of the Dungeon.
             The game lasted 00:04:02 (3190 turns).

zeram the Sneak (Octopode Enchanter)                Turns: 3190, Time: 00:04:02

Health: -7/31      AC:  1    Str:  8    XL:     5   Next: 87%
Magic:  8/8        EV: 13    Int: 18    God:
Gold:   111        SH:  0    Dex: 12    Spells: 2/8 levels left

rFire    . . .     SeeInvis .   e - +3 dagger (drain)
rCold    . . .     Faith    .   (no shield)
rNeg     . . .     Spirit   .   (helmet restricted)
rPois    .         Reflect  .   (no amulet)
rElec    .         Harm     .   (no ring)
rCorr    .         Rampage  .   (no ring)
Will     .....                  (no ring)
Stlth    ++++......             (no ring)
HPRegen  0.10/turn              (no ring)
MPRegen  0.11/turn              (no ring)
                                (no ring)
                                (no ring)

@: no status effects
A: almost no armour, amphibious, 8 rings, camouflage 1, gelatinous body 1,
(nimble swimmer 1), tentacles
a: no special abilities


You were on level 4 of the Dungeon.
You visited 1 branch of the dungeon, and saw 4 of its levels.

You collected 111 gold pieces.

Inventory:

Hand Weapons
 a - a +1 dagger
 e - a +3 dagger of draining (weapon)
Armour
 g - a scarf of invisibility
Jewellery
 m - a ring of ice
Wands
 h - a wand of polymorph (10)
 n - a wand of charming (9)
Scrolls
 j - a scroll of vulnerability {unknown}
 k - 4 scrolls of teleportation {unknown}
 l - 2 scrolls of amnesia {unknown}
Potions
 b - a potion of heal wounds
 c - 2 potions of lignification
 d - a potion of flight
 f - a potion of magic {unknown}
 i - a potion of cancellation
 o - a potion of mutation {unknown}


   Skills:
 - Level 1.0 Short Blades
 + Level 2.7 Dodging
 + Level 7.6 Stealth
 - Level 2.0 Spellcasting
 + Level 3.9 Hexes
 + Level 0.2 Ice Magic


You had 2 spell levels left.
You knew the following spells:

 Your Spells              Type           Power      Damage    Failure   Level
a - Corona                Hex            17%        N/A       3%          1
b - Ensorcelled Hibernat  Hex/Ice        18%        N/A       12%         2
c - Tukima's Dance        Hex            16%        N/A       11%         3

Your spell library contained the following spells:

 Spells                   Type           Power      Damage    Failure   Level
 Confusing Touch          Hex            16%        N/A       11%         3
 Dazzling Flash           Conj/Hex       16%        N/A       24%         3


Dungeon Overview and Level Annotations

Branches:
Dungeon (4/15)             Temple (0/1) D:4

Altars:


Innate Abilities, Weirdness & Mutations

You cannot wear most types of armour.
You are amphibious.
You can wear up to eight rings at the same time.
Your skin changes colour to match your surroundings (Stealth+).
Your rubbery body absorbs attacks. (AC +1, EV +1)
((You are camouflaged near water. (Stealth+)))
You have tentacles for arms and can constrict up to eight enemies at once.


Message History

No target in view!
There is a stone staircase leading up here.
Found a stone staircase leading down.
Found a staircase to the Ecumenical Temple.
There is a stone staircase leading down here.
Found a ruby potion.
f - a ruby potion You open the door.
There is an open door here.
A kobold comes into view. It is wielding a +0 club.
The kobold shouts!
The kobold completely misses you.
A kobold is nearby!
A kobold is nearby!
A kobold is nearby!
You hit the kobold. You grab the kobold. You squeeze the kobold.
You kill the kobold!
No target in view!
No target in view!
Things that are here:
a +0 club; a stone; a kobold corpse
Found 9 gold pieces.
An ogre comes into view. It is wielding a +0 giant club.
You see here 9 gold pieces.
An ogre is nearby!
An ogre is nearby!
An ogre is nearby!
The ogre shouts!
The ogre hits you with a +0 giant club!
You hit the ogre.
The ogre is lightly wounded.
The ogre barely misses you.
You barely miss the ogre.
The ogre is lightly wounded.
The ogre barely misses you.
You hit the ogre. You drain the ogre.
The ogre is lightly wounded.
The ogre hits you with a +0 giant club!!
Ouch! That really hurt!
You die...

#########
#.....O.#
#####@#
#....$#
#.#####
#.# #.#
### #.#
.. #.# .#
#.# .##
#.#


You could see an ogre (drained).

Vanquished Creatures
  Ijyb (D:4)
  An orc wizard (D:4)
  A hound skeleton (D:4)
  Robin (D:2)
  A gnoll (D:1)
  3 adders
  An ufetubus (D:4)
  An adder skeleton (D:4)
  3 dart slugs
  5 orcs (D:4)
  6 ball pythons
  7 endoplasms
  2 giant cockroaches
  8 goblins
  12 hobgoblins
  6 kobolds
  3 quokkas
  5 bats
  5 frilled lizards
  4 rats
76 creatures vanquished.

Notes
Turn   | Place    | Note
-------+----------+-------------------------------------------
     0 | D:1      | zeram the Octopode Enchanter began the quest for the Orb.
     0 | D:1      | Reached XP level 1. HP: 11/11 MP: 3/3
    24 | D:1      | Reached XP level 2. HP: 17/17 MP: 5/5
   366 | D:1      | Learned a level 2 spell: Ensorcelled Hibernation
   385 | D:1      | Reached XP level 3. HP: 12/21 MP: 1/6
   391 | D:1      | Learned a level 3 spell: Tukima's Dance
   745 | D:1      | Reached skill level 5 in Stealth
   933 | D:2      | Found a faded altar of an unknown god.
   962 | D:2      | Reached XP level 4. HP: 27/27 MP: 7/7
   993 | D:2      | Noticed Robin
  1023 | D:2      | Killed Robin
  1132 | D:2      | Reached skill level 6 in Stealth
  2413 | D:4      | Noticed Ijyb
  2418 | D:4      | Killed Ijyb
  2419 | D:4      | Reached XP level 5. HP: 19/31 MP: 8/8
  2739 | D:4      | Reached skill level 7 in Stealth
  3073 | D:4      | Found a staircase to the Ecumenical Temple.
  3186 | D:4      | Noticed an ogre
  3190 | D:4      | Mangled by an ogre

Illustrated notes

Levels and vault maps discovered:
D:1:      minmay_arrival_checkered_box, layout_rooms
D:2:      layout_rooms, ebering_ecumenical_altar_mist, grunt_decor_fettered,
          chequers_serial_rivers_micro_a, chequers_serial_rivers_small_3,
          grunt_ministairs_10, grunt_decor_cap, patterned_corridor, uniq_robin
D:3:      layout_loops_corners
D:4:      layout_basic, mainiacjoe_overflow_alcove_3,
          minmay_temple_entry_statues_pillars, uniq_ijyb

Skill      XL: |  1  2  3  4  5 |
---------------+----------------+-----
Stealth        | 5 6 7 |  7.6
Short Blades   | |  1.0
Dodging        | |  2.7
Spellcasting   | |  2.0
Hexes          | |  3.9
Ice Magic      | |  0.2

Action                   |  1- 3 |  4- 6 || total
-------------------------+-------+-------++-------
Melee: Dagger            |    49 |   106 ||   155
       Constrict         |     7 |    18 ||    25
       Tentacles         |     7 |    11 ||    18
 Cast: Ensorcelled Hiber |     2 |       ||     2
       Corona            |     1 |       ||     1
  Use: Scroll            |       |     5 ||     5
       Potion            |       |     3 ||     3
 Stab: Sleeping          |    14 |    13 ||    27
Armor: Skin              |     3 |     7 ||    10
Dodge: Dodged            |    25 |    61 ||    86
